 Dungeon Crawl Stone Soup version 0.31-a0-188-g5e087ee2ca (webtiles) character file.

Game seed: 7726309155674335179

153 qw the Skirmisher (level 5, -5/29 HPs)
             Began as a Deep Elf Hunter on June 23, 2023.
             Killed by nerve-wracking pain
             ... invoked by Grinder
              (12 damage)
             ... on level 4 of the Dungeon.
             The game lasted 00:00:52 (2088 turns).

qw the Skirmisher (Deep Elf Hunter)                 Turns: 2088, Time: 00:00:53

Health: -5/29      AC:  6    Str: 10    XL:     5   Next: 12%
Magic:  7/7        EV: 12    Int: 14    God:
Gold:   138        SH:  0    Dex: 18    Spells: 4/4 levels left

rFire   . . .        Y - +0 shortbow (drain)
rCold   . . .        (shield currently unavailable)
rNeg    . . .        c - +0 leather armour
rPois   .            (no helmet)
rElec   .            g - +0 cloak
rCorr   .            (no gloves)
SInv    .            i - +1 pair of boots
Will    .....        (no amulet)
Stlth   ++           (no ring)
HPRegen 0.24/turn    (no ring)
MPRegen 0.10/turn

%: no passive effects
@: no status effects
A: no striking features
a: no special abilities


You were on level 4 of the Dungeon.
You visited 1 branch of the dungeon, and saw 4 of its levels.

You collected 138 gold pieces.


   Skills:
 - Level 1.5 Fighting
 + Level 8.5 Ranged Weapons
 - Level 2.4 Dodging
 - Level 1.2 Stealth


You had 4 spell levels left.
You didn't know any spells.
Your spell library was empty.

Inventory:

Hand Weapons
 Y - a +0 shortbow of draining (weapon)
Armour
 c - a +0 leather armour (worn)
 g - a +0 cloak (worn)
 i - a +1 pair of boots (worn)
Potions
 b - a potion of curing {unknown}
 j - a potion of heal wounds {unknown}

Dungeon Overview and Level Annotations

Branches:
Dungeon (4/15)
 Temple: D:4-7

Altars:

Annotations:
D:3 1 runed translucent door, Crazy Yiuf
D:4 Grinder


Message History

Could not explore, unopened runed door.
2040 ||| READING scroll labelled ROGEIH ATOGU.
As you read the scroll labelled ROGEIH ATOGU, it crumbles to dust.
You hear a loud clanging noise!
It was a scroll of noise.
Could not explore, unopened runed door.
(D) Dungeon
Where to? (* - list waypoints, Enter - D:4, ? - help)
What level of the Dungeon? (default 1, ? - help)
There is a stone staircase leading down here.
You climb downwards.
Level annotation: Grinder The kobold hits you but does no damage.
The kobold hits you with a +0 short sword.
Grinder blinks!
There is a stone staircase leading up here.
You shoot an arrow. The arrow hits the kobold!
You kill the kobold!
Grinder blinks!
You shoot an arrow. The arrow hits Grinder!
Grinder is moderately wounded.
You shoot an arrow. The arrow hits Grinder.
Grinder is moderately wounded.
Grinder gestures at you. You resist with significant effort.
You shoot an arrow. The arrow closely misses Grinder.
Grinder gestures at you.
You suddenly lose the ability to move!
Grinder hits you.
You writhe in agony.
Grinder gestures at you. Pain shoots through your body!
You can move again.
You shoot an arrow. The arrow hits Grinder!
Grinder is heavily wounded.
Grinder hits you.
You shoot an arrow. The arrow hits Grinder.
Grinder is heavily wounded.
Grinder gestures at you. Pain shoots through your body!
You die...

## g. ... .. ###
######.##'##+#
#...#....#.......##
#.#...##.#........
#......<)#......#
#######.@#......#
#......5...[..#
#.............##
#..........##... ...
#...........#.# ...
#...........#.# ...
#.............# #.#
#..........#..# #..#
#..........##%###..####


You could see Grinder.

Vanquished Creatures
  Jessica (D:3)
  An orc wizard (D:4)
  3 adders
  A dart slug (D:1)
  6 orcs
  6 ball pythons
  3 endoplasms
  5 goblins
  6 hobgoblins
  8 jackals
  3 quokkas
  10 bats
  5 frilled lizards
  3 kobolds
  4 rats
65 creatures vanquished.

Notes
Turn   | Place    | Note
-------+----------+-------------------------------------------
     0 | D:1      | qw the Deep Elf Hunter began the quest for the Orb.
     0 | D:1      | Reached XP level 1. HP: 12/12 MP: 3/3
     0 | D:1      | 0 ||| qw: Version: 0.3-a-9-g12657ce
     0 | D:1      | 0 ||| qw: Game counter: 3189
     0 | D:1      | 0 ||| qw: Always use a shield: true
     0 | D:1      | 0 ||| qw: God list: Okawaru
     0 | D:1      | 0 ||| qw: Allow faded altars: false
     0 | D:1      | 0 ||| qw: Do Orc after D:15 true
     0 | D:1      | 0 ||| qw: Do second Lair branch before Depths: true
     0 | D:1      | 0 ||| qw: Lair rune preference: random
     0 | D:1      | 0 ||| qw: Plans: Normal
     0 | D:1      | 0 ||| PLANNING D:1-11
   111 | D:1      | Reached XP level 2. HP: 16/16 MP: 4/4
   113 | D:1      | Reached skill level 6 in Ranged Weapons
   540 | D:1      | 540 ||| UPGRADING to +0 cloak.
   545 | D:1      | 545 ||| UPGRADING to +0 pair of boots.
   550 | D:1      | 550 ||| READING scroll labelled WAUTEN ANWUONA.
   551 | D:1      | 551 ||| READING scroll labelled OQORCHO NOTI.
   552 | D:1      | 552 ||| READING scroll labelled TOZIXTE LAEV.
   553 | D:1      | 553 ||| DRINKING 2 inky potions.
   588 | D:1      | 588 ||| DROPPING scroll of butterflies.
   589 | D:1      | 589 ||| DROPPING potion of lignification.
   647 | D:2      | Reached XP level 3. HP: 20/20 MP: 5/5
   862 | D:2      | Reached skill level 7 in Ranged Weapons
   968 | D:2      | 968 ||| STAIRDANCE
   973 | D:1      | 973 ||| READING scroll labelled GANUEN BUILEO.
  1166 | D:3      | 1166 ||| READING scroll of enchant armour.
  1166 | D:3      | 1166 ||| ENCHANTING +0 pair of boots.
  1197 | D:3      | Noticed Jessica
  1205 | D:3      | Reached XP level 4. HP: 24/25 MP: 6/6
  1207 | D:3      | Killed Jessica
  1365 | D:3      | Found a runed translucent door.
  1366 | D:3      | Noticed Crazy Yiuf
  1514 | D:3      | Reached skill level 8 in Ranged Weapons
  1741 | D:3      | 1741 ||| READING scroll labelled NOICUOXZEH.
  1742 | D:3      | 1742 ||| READING scroll labelled PIATHR TEYN.
  1743 | D:3      | 1743 ||| READING scroll labelled FADWIA WEHY.
  1787 | D:3      | 1787 ||| READING scroll labelled KYUMEH YNATS.
  1788 | D:3      | 1788 ||| DRINKING 2 smoky black potions.
  1789 | D:3      | 1789 ||| DROPPING potion of attraction.
  1876 | D:4      | Reached XP level 5. HP: 29/29 MP: 7/7
  1932 | D:4      | Noticed Grinder
  1934 | D:4      | Paralysed by Grinder for 2 turns
  1937 | D:4      | 1937 ||| FLEEEEING.
  1938 | D:4      | 1938 ||| FLEEEEING.
  1939 | D:4      | 1939 ||| FLEEEEING.
  1942 | D:4      | 1942 ||| FLEEEEING.
  1943 | D:4      | 1943 ||| FLEEEEING.
  1944 | D:4      | 1944 ||| FLEEEEING.
  1945 | D:4      | 1945 ||| FLEEEEING.
  1946 | D:4      | 1946 ||| FLEEEEING.
  1947 | D:4      | 1947 ||| FLEEEEING.
  1948 | D:4      | 1948 ||| FLEEEEING.
  1949 | D:4      | 1949 ||| STAIRDANCE
  2039 | D:3      | 2039 ||| READING scroll labelled OKHLIQYEQAA.
  2040 | D:3      | 2040 ||| READING scroll labelled ROGEIH ATOGU.
  2082 | D:4      | Paralysed by Grinder for 5 turns
  2087 | D:4      | HP: 7/29 [Grinder (3)]
  2088 | D:4      | Killed from afar by Grinder

Levels and vault maps discovered:
D:1:      wander_arrival_lonely_grave, layout_basic
D:2:      layout_rooms
D:3:      layout_loops_cross, chequers_serial_rivers_micro_b,
          grunt_decor_arrowhead, minmay_misc_feat_hallway, uniq_jessica,
          uniq_crazy_yiuf_cottage
D:4:      layout_basic, minmay_temple_entry_butterflies, uniq_grinder,
          uniq_blork_the_orc, uniq_robin

Skill      XL: |  1  2  3  4 |
---------------+-------------+-----
Ranged Weapons | 6 7 8 |  8.5
Fighting       | |  1.5
Dodging        | |  2.4
Stealth        | |  1.2

Action                     |  1- 3 |  4- 6 || total
---------------------------+-------+-------++-------
   Fire: Shortbow          |   100 |    68 ||   168
    Use: Scroll            |     5 |     6 ||    11
         Potion            |     1 |     1 ||     2
 Armour: Leather armour    |    12 |     8 ||    20
  Dodge: Dodged            |    17 |    11 ||    28

Table legend:
 A = Non-vault XP
 B = Vault XP
 C = Vault XP percentage of total XP
 D = Non-vault monster count
 E = Vault monster count
 F = Vault count percentage of total count
                 A         B        C        D         E       F
            +---------+---------+-------+---------+---------+-------
      Total |     182 |      37 |  16.9 |      64 |       1 |   1.5
            +---------+---------+-------+---------+---------+-------
        D:1 |      36 |       0 |   0.0 |      20 |       0 |   0.0
        D:2 |      52 |       0 |   0.0 |      19 |       0 |   0.0
        D:3 |      37 |      37 |  50.0 |      15 |       1 |   6.2
        D:4 |      57 |       0 |   0.0 |      10 |       0 |   0.0
            +---------+---------+-------+---------+---------+-------
